 Dungeon Crawl Stone Soup version 0.29-a0-582-ge82337ba6a (webtiles) character file.

Game seed: 8170512997068957813

4 DocClef the Skirmisher (level 1, -1/19 HPs)
             Began as a Draconian Fighter on June 14, 2022.
             Succumbed to a goblin's poison
             ... on level 1 of the Dungeon.
             The game lasted 00:00:10 (241 turns).

DocClef the Skirmisher (Draconian Fighter)           Turns: 241, Time: 00:00:11

Health: -1/19      AC:  4    Str: 18    XL:     1   Next: 50%
Magic:  1/1        EV: 12    Int:  8    God:
Gold:   7          SH:  4    Dex: 10    Spells: 0/0 levels left

rFire   . . .      SeeInvis .   a - +0 long sword
rCold   . . .      Faith    .   b - +0 buckler
rNeg    . . .      Spirit   .   (body armour unavailable)
rPois   .          Reflect  .   (helmet restricted)
rElec   .          Harm     .   (no cloak)
rCorr   .          Rampage  .   (no gloves)
Will    .....                   (no boots)
Stlth   +.........              (no amulet)
HPRegen 0.06/turn               (no ring)
MPRegen 0.07/turn               (no ring)

@: lethally poisoned (-1 -> -14)
A: AC +4, unfitting armour, cold-blooded
a: no special abilities


You were on level 1 of the Dungeon.
You visited 1 branch of the dungeon, and saw 1 of its levels.

You collected 7 gold pieces.

Inventory:

Hand Weapons
 a - a +0 long sword (weapon)
Armour
 b - a +0 buckler (worn)
Potions
 c - a potion of might


   Skills:
 + Level 3.3 Fighting
 + Level 2.1 Long Blades
 + Level 2.7 Dodging
 + Level 3.0 Shields


You couldn't memorise any spells.
You didn't know any spells.
Your spell library was empty.

Dungeon Overview and Level Annotations

Branches:
Dungeon (1/15)

Altars:


Innate Abilities, Weirdness & Mutations

Your plain brown scales are hard. (AC +4)
You cannot fit into any form of body armour.
You are cold-blooded and may be slowed by cold attacks.


Message History

The bat is heavily wounded.
The bat hits you but does no damage. The bat barely misses you.
You closely miss the bat.
Your tail-slap misses the bat.
The bat is moderately wounded.
The bat hits you. The bat hits you but does no damage.
You slash the bat!
You kill the bat!
No target in view!
HP restored.
You see here a +0 club.
You now have 7 gold pieces.
You open the door.
There is an open door here.
Key pressed, stopping explore.
A goblin comes into view. It is wielding a +1 dagger of venom.
The goblin shouts!
A goblin is nearby!
A goblin is nearby!
A goblin is nearby!
A kobold comes into view. It is wielding a +0 short sword.
The goblin closely misses you.
You barely miss the goblin.
The kobold shouts!
Your tail-slap misses the goblin.
The goblin hits you with a +1 dagger of venom.
You closely miss the goblin. The goblin barely misses you.
You closely miss the kobold. The kobold hits you but does no damage.
The goblin hits you with a +1 dagger of venom.
You are poisoned.
The kobold barely misses you. The goblin hits you but does no damage.
You are lethally poisoned!
You closely miss the goblin.
You feel extremely sick.
The kobold hits you with a +0 short sword.
The goblin hits you but does no damage.
* * * LOW HITPOINT WARNING * * *
You feel very sick. The kobold barely misses you.
You die...

#....# ###### #....#
##...# #######....#
##...####.....#....####
.+...'................#
##...####.....##...####
##)...# ########...#
..).#.##########...#
....+...........@.g#
....#.##########..K...#
....#...# ####.###
......#.# ...
....###'### #....
##..#8...8# .....
###.##.#.## #....
.#8.#.8# .... ##(#.##


You could see a goblin and a kobold.

Vanquished Creatures
  A bat (D:1)
  A goblin (D:1)
  A kobold (D:1)
3 creatures vanquished.

Notes
Turn   | Place    | Note
-------+----------+-------------------------------------------
     0 | D:1      | DocClef the Draconian Fighter began the quest for the Orb.
     0 | D:1      | Reached XP level 1. HP: 19/19 MP: 1/1
   241 | D:1      | Succumbed to a goblin's poison

Illustrated notes

Levels and vault maps discovered:
D:1:      heliophobic_arrival_ceremonial_halls, layout_basic,
          minmay_crystal_room

Action                   || total
-------------------------++-------
Melee: Long sword        ||    17
       Tailslap          ||     1
Armor: Skin              ||     7
Dodge: Dodged            ||     9
Block: Buckler           ||     4

Table legend: (Time is in decaauts)
 A = Elapsed time spent in this place.
 B = Non-inter-level travel time spent in this place.
 C = Inter-level travel time spent in this place.
 D = Time resting spent in this place.
 E = Time spent auto-exploring this place.
 F = Levels seen in this place.
 G = Mean time per level.
                   A        B        C        D        E       F      G
               +--------+--------+--------+--------+--------+-----+--------+
         Total |    246 |    246 |      0 |      0 |    211 |   1 |  246.0 |
       Dungeon |    246 |    246 |      0 |      0 |    211 |   1 |  246.0 |
               +--------+--------+--------+--------+--------+-----+--------+

Top non-repeatable levels by time:
     D:1: 246 daAuts
